 Dungeon Crawl Stone Soup version 0.30-a0-728-gc68057be0a (webtiles) character file.

Game seed: 15239973933904614072

27 hikkokomori the Conjurer (level 2, -6/25 HPs)
             Began as a Draconian Reaver on Feb 1, 2023.
             Mangled by a wolf spider (glowing shapeshifter) (9 damage)
             ... on level 1 of the Dungeon.
             The game lasted 00:00:52 (491 turns).

hikkokomori the Conjurer (Draconian Reaver)          Turns: 491, Time: 00:00:53

Health: -6/25      AC:  4    Str: 14    XL:     2   Next: 93%
Magic:  5/5        EV: 12    Int: 13    God:
Gold:   60         SH:  0    Dex:  9    Spells: 4/5 levels left

rFire   . . .      SeeInvis .    a - +0 falchion (chaos)
rCold   . . .      Faith    .    (no shield)
rNeg    . . .      Spirit   .    (body armour unavailable)
rPois   .          Reflect  .    (helmet restricted)
rElec   .          Harm     .    (no cloak)
rCorr   .          Rampage  .    (no gloves)
Will    .....                    (no boots)
Stlth   +                        (no amulet)
HPRegen 0.24/turn                (no ring)
MPRegen 0.09/turn                (no ring)

@: lethally poisoned (-6 -> -36)
A: AC +4, unfitting armour, cold-blooded
a: no special abilities


You were on level 1 of the Dungeon.
You visited 1 branch of the dungeon, and saw 1 of its levels.

You collected 60 gold pieces.

Inventory:

Hand Weapons
 a - a +0 falchion of chaos (weapon)
Armour
 d - a +0 ring mail
Scrolls
 b - 4 scrolls of identify {unknown}
 c - a scroll of fear {unknown}
 e - 2 scrolls of teleportation {unknown}


   Skills:
 + Level 2.5 Fighting
 + Level 3.2 Long Blades
 + Level 2.1 Dodging
 + Level 2.2 Spellcasting
 + Level 3.2 Conjurations


You had 4 spell levels left.
You knew the following spells:

 Your Spells              Type           Power      Damage    Failure   Level
a - Kiss of Death         Conj/Necr      20%        2d7       13%         1

Your spell library contained the following spells:

 Spells                   Type           Power      Damage    Failure   Level
 Momentum Strike          Conj/Tloc      10%        3d8       19%         2
 Ensorcelled Hibernation  Hex/Ice        2%         N/A       36%         2
 Scorch                   Fire           2%         2d5       36%         2
 Hailstorm                Conj/Ice       5%         3d4       36%         3
 Spider Form              Tmut/Pois      1%         N/A       58%         3
 Flame Wave               Conj/Fire      5%         2d5       77%         4
 Anguish                  Hex/Necr       0%         N/A       94%         4
 Summon Cactus Giant      Summ           0%         N/A       100%        6


Dungeon Overview and Level Annotations

Branches:
Dungeon (1/15)

Altars:


Innate Abilities, Weirdness & Mutations

Your plain brown scales are hard. (AC +4)
You cannot fit into any form of body armour.
You are cold-blooded and may be slowed by cold attacks.


Message History

You barely miss the hobgoblin.
Your tail-slap misses the hobgoblin.
The hobgoblin is severely wounded.
The hobgoblin hits you but does no damage.
You hit the hobgoblin.
You kill the hobgoblin!
You hit the ball python. You burn the ball python.
You kill the ball python!
No target in view!
No target in view!
No target in view!
No target in view!
No target in view!
No target in view!
Found a stone staircase leading down.
You see here a +2 pair of boots of stealth.
You now have 60 gold pieces (gained 7).
Things that are here:
a ball python corpse; a hobgoblin corpse A goblin comes into view.
It is wielding a +0 club.
The goblin shouts!
A kobold comes into view. It is wielding a +0 short sword.
The goblin moves out of view.
A kobold is nearby!
Found 12 gold pieces.
The kobold shouts!
You hear a bark!
A jackal comes into view.
You slash the goblin!
You kill the goblin!
The kobold hits you with a +0 short sword.
Things that are here:
a +0 club; a goblin corpse You hit the kobold but do no damage.
The kobold changes into a glowing shapeshifter!
The glowing shapeshifter changes into a wolf spider!
You closely miss the wolf spider.
Your tail-slap misses the wolf spider.
The wolf spider hits you! The wolf spider bites you!
* * * LOW HITPOINT WARNING * * *
You are lethally poisoned!
The wolf spider poisons you! The wolf spider hits you!
You die...

#.#.# #.#.###
#######.#.#####.#.###
#.......#....†..†....
#.#####.#..##########
#.#..#......... #
#.#..#......... ##.
#.#..#.........
###..$####.#..#######†##
.....hs@...#..#.........
###...##.####.+⌠....###.
##. #.# #.#......<.. #
#.# #..⌠...>.. #.#
###+###### #.# ......
... ..#### #.. ##


You could see a wolf spider shaped shifter and a jackal.

Vanquished Creatures
  A dart slug (D:1)
  A bat (D:1)
  5 endoplasms (D:1)
  2 giant cockroaches (D:1)
  A goblin (D:1)
  3 hobgoblins (D:1)
  A jackal (D:1)
  A quokka (D:1)
  A ball python (D:1)
  3 frilled lizards (D:1)
  A kobold (D:1)
  2 rats (D:1)
22 creatures vanquished.

Notes
Turn   | Place    | Note
-------+----------+-------------------------------------------
     0 | D:1      | hikkokomori the Draconian Reaver began the quest for the
                  | Orb.
     0 | D:1      | Reached XP level 1. HP: 17/17 MP: 3/3
     3 | D:1      | Found a runed translucent door.
    39 | D:1      | Reached XP level 2. HP: 17/25 MP: 5/5
   490 | D:1      | a kobold changed into a glowing shapeshifter
   490 | D:1      | Noticed a glowing shapeshifter (glowing shapeshifter)
   490 | D:1      | a glowing shapeshifter changed into a wolf spider
   490 | D:1      | Noticed a wolf spider (glowing shapeshifter)
   491 | D:1      | Mangled by a wolf spider (glowing shapeshifter)

Illustrated notes

Levels and vault maps discovered:
D:1:      dpeg_arrival_caged_fury, layout_loops_ring

Skill      XL: |  1  2 |
---------------+-------+-----
Dodging        | 2 |  2.1
Fighting       | |  2.5
Long Blades    | |  3.2
Spellcasting   | |  2.2
Conjurations   | |  3.2

Action                     || total
---------------------------++-------
  Melee: Falchion          ||    61
         Tailslap          ||     5
         Punch             ||     2
    Use: Scroll            ||     1
   Stab: Sleeping          ||     1
 Armour: Skin              ||    12
  Dodge: Dodged            ||    37

Table legend: (Time is in decaauts)
 A = Elapsed time spent in this place.
 B = Non-inter-level travel time spent in this place.
 C = Inter-level travel time spent in this place.
 D = Time resting spent in this place.
 E = Time spent auto-exploring this place.
 F = Levels seen in this place.
 G = Mean time per level.
                   A        B        C        D        E       F      G
               +--------+--------+--------+--------+--------+-----+--------+
         Total |    504 |    504 |      0 |      0 |    353 |   1 |  504.0 |
       Dungeon |    504 |    504 |      0 |      0 |    353 |   1 |  504.0 |
               +--------+--------+--------+--------+--------+-----+--------+

Top non-repeatable levels by time:
     D:1: 504 daAuts
